[ AOE2 MATCH · #459098041 ]
Team RMHuns vs Jurchens
[ REPLAY ANALYSIS · EXTRACTED FROM THE RECORDED GAME ]
Feudal
16:22
Castle
23:16
Imperial
32:43
| APM avg | 23.0 |
| APM peak | 96 |
| eAPM avg | 8.7 |
| Villagers / military | 84 / 197 |
Focus
⚔️ 24.3% · 🌾 75.7%
Knight ×187 · Fishing Ship ×18 · Fire Galley ×4 · Demolition Raft ×4 · Spearman ×2
Feudal
16:10
Castle
20:20
Imperial
—
| APM avg | 11.0 |
| APM peak | 34 |
| eAPM avg | 6.0 |
| Villagers / military | 46 / 12 |
Focus
⚔️ 22.2% · 🌾 77.8%
Fishing Ship ×10 · Throwing Axeman ×7 · Knight ×5
Feudal
15:09
Castle
22:26
Imperial
38:12
| APM avg | 34.4 |
| APM peak | 96 |
| eAPM avg | 20.8 |
| Villagers / military | 113 / 233 |
Focus
⚔️ 28.6% · 🌾 71.4%
Chu Ko Nu ×150 · Skirmisher ×79 · Fishing Ship ×10 · Petard ×4
Feudal
13:15
Castle
39:24
Imperial
—
| APM avg | 17.4 |
| APM peak | 34 |
| eAPM avg | 9.8 |
| Villagers / military | 102 / 36 |
Focus
⚔️ 15.0% · 🌾 85.0%
Cavalry Archer ×23 · Fishing Ship ×21 · Camel Scout ×5 · Skirmisher ×4 · Spearman ×3 · Militia ×1
Feudal
14:37
Castle
22:57
Imperial
—
| APM avg | 15.7 |
| APM peak | 66 |
| eAPM avg | 8.9 |
| Villagers / military | 72 / 317 |
Focus
⚔️ 37.7% · 🌾 62.3%
Fire Lancer ×308 · Battering Ram ×6 · Iron Pagoda ×3 · Fishing Ship ×2
Feudal
14:23
Castle
25:42
Imperial
49:24
| APM avg | 37.5 |
| APM peak | 82 |
| eAPM avg | 24.2 |
| Villagers / military | 141 / 190 |
Focus
⚔️ 38.9% · 🌾 61.1%
Spearman ×106 · Militia ×47 · Fishing Ship ×23 · Battering Ram ×20 · Demolition Raft ×7 · Trebuchet (Packed) ×5
Feudal
15:07
Castle
22:02
Imperial
34:35
| APM avg | 31.1 |
| APM peak | 75 |
| eAPM avg | 20.9 |
| Villagers / military | 146 / 263 |
Focus
⚔️ 32.3% · 🌾 67.7%
Genoese Crossbowman ×128 · Spearman ×104 · Unknown (882) ×67 · Bombard Cannon ×24 · Fishing Ship ×12 · Fire Galley ×4
Feudal
14:41
Castle
20:29
Imperial
45:44
| APM avg | 25.7 |
| APM peak | 334 |
| eAPM avg | 19.2 |
| Villagers / military | 150 / 29 |
Focus
⚔️ 23.1% · 🌾 76.9%
Battering Ram ×11 · Fishing Ship ×6 · Archer ×5 · Knight ×4 · Fire Galley ×4 · Galley ×2
Match map
Initial resources + every placement click. Lines = walls · curves = elevation contours. ◆ gold · ⬟ stone · ● berries · ✦ relic · ◌ wall gap
Your base· Open — 11t gap
我是你爸爸啊's base· Open — 4t gap
[ GMEX ] Uhtred the Uhtred's base· Open — 9t gap
Alron's base· Open — 6t gap
Hodorigo's base· Open — 4t gap
Ricardo's base· Open — 6t gap
驱虫型玩家's base· Open — 10t gap
Combi | Cuauhpilli's base· Open — 9t gap
Smoothed initial terrain · ◌ = detected wall gap · hover for details
Inputs per minute
— 小木子 - - 我是你爸爸啊
Build order — 小木子
First 150 of 263 actions detected
| 1:23 | Build | Town Center |
| 3:22 | Create | Villager (Male) |
| 3:22 | Create | Villager (Male) |
| 3:23 | Create | Villager (Male) |
| 3:23 | Create | Villager (Male) |
| 3:23 | Create | Villager (Male) |
| 4:33 | Research | Loom |
| 4:39 | Build | Dock |
| 5:55 | Create | Fishing Ship |
| 6:21 | Create | Fishing Ship |
| 6:33 | Create | Villager (Male) |
| 7:16 | Create | Villager (Male) |
| 7:19 | Create | Fishing Ship |
| 7:56 | Create | Villager (Male) |
| 8:03 | Create | Fishing Ship |
| 8:27 | Create | Villager (Male) |
| 8:49 | Create | Villager (Male) |
| 9:05 | Create | Villager (Male) |
| 9:07 | Create | Fishing Ship |
| 9:37 | Create | Villager (Male) |
| 9:55 | Create | Villager (Male) |
| 9:57 | Create | Fishing Ship |
| 10:17 | Create | Villager (Male) |
| 11:03 | Create | Villager (Male) |
| 11:03 | Create | Villager (Male) |
| 11:07 | Create | Fishing Ship |
| 11:30 | Create | Villager (Male) |
| 11:31 | Create | Villager (Male) |
| 12:21 | Create | Villager (Male) |
| 12:25 | Create | Fishing Ship |
| 12:25 | Create | Fishing Ship |
| 13:09 | Build | Mining Camp |
| 13:13 | Create | Villager (Male) |
| 13:47 | Create | Villager (Male) |
| 13:59 | Create | Fishing Ship |
| 14:08 | Research | Feudal Age |
| 14:53 | Create | Fishing Ship |
| 14:54 | Create | Fishing Ship |
| 15:54 | Build | Lumber Camp |
| 16:14 | Create | Fishing Ship |
| 16:15 | Create | Fishing Ship |
| 16:22 | Age | Feudal Age |
| 16:40 | Create | Villager (Male) |
| 16:42 | Create | Villager (Male) |
| 16:55 | Build | Blacksmith |
| 17:06 | Build | Mill |
| 17:23 | Create | Villager (Male) |
| 17:24 | Create | Villager (Male) |
| 17:27 | Create | Demolition Raft |
| 17:27 | Create | Demolition Raft |
| 17:59 | Build | Market |
| 18:25 | Create | Villager (Male) |
| 19:21 | Create | Villager (Male) |
| 19:21 | Create | Villager (Male) |
| 19:33 | Create | Demolition Raft |
| 19:34 | Create | Demolition Raft |
| 19:48 | Build | Dock |
| 19:56 | Create | Villager (Male) |
| 20:34 | Research | Castle Age |
| 21:20 | Create | Fishing Ship |
| 21:21 | Create | Fishing Ship |
| 21:59 | Build | Mill |
| 22:25 | Create | Fishing Ship |
| 22:25 | Create | Fishing Ship |
| 22:49 | Build | Barracks |
| 23:16 | Age | Castle Age |
| 23:33 | Build | Town Center |
| 23:38 | Create | Villager (Male) |
| 23:38 | Create | Villager (Male) |
| 23:47 | Research | Gold Mining |
| 23:48 | Research | Stone Mining |
| 23:51 | Research | Double-Bit Axe |
| 23:54 | Research | Horse Collar |
| 23:59 | Build | Stable |
| 24:38 | Create | Villager (Male) |
| 24:38 | Create | Villager (Male) |
| 24:41 | Research | Wheelbarrow |
| 24:57 | Build | Town Center |
| 25:27 | Research | Bloodlines |
| 25:28 | Research | Husbandry |
| 25:37 | Create | Villager (Male) |
| 25:38 | Create | Villager (Male) |
| 25:43 | Create | Villager (Male) |
| 25:43 | Create | Villager (Male) |
| 26:12 | Build | Castle |
| 26:21 | Research | Gold Shaft Mining |
| 26:25 | Research | Bow Saw |
| 26:41 | Create | Villager (Male) |
| 26:41 | Create | Villager (Male) |
| 27:06 | Create | Fire Galley |
| 27:06 | Create | Fire Galley |
| 27:07 | Create | Fire Galley |
| 27:07 | Create | Fire Galley |
| 28:23 | Build | Mining Camp |
| 28:28 | Research | Pikeman (upgrade) |
| 28:32 | Build | Barracks |
| 28:41 | Create | Knight |
| 28:41 | Create | Knight |
| 29:08 | Create | Spearman |
| 29:08 | Create | Spearman |
| 29:33 | Research | Imperial Age |
| 29:56 | Create | Villager (Male) |
| 29:57 | Create | Villager (Male) |
| 29:57 | Create | Villager (Male) |
| 29:58 | Create | Villager (Male) |
| 30:34 | Research | Scale Barding Armor |
| 30:35 | Research | Forging |
| 31:02 | Research | Heavy Plow |
| 32:07 | Build | Stable |
| 32:08 | Build | Stable |
| 32:13 | Research | Forging |
| 32:40 | Create | Villager (Male) |
| 32:40 | Create | Villager (Male) |
| 32:41 | Create | Villager (Male) |
| 32:43 | Age | Imperial Age |
| 32:46 | Build | Farm |
| 32:47 | Build | Farm |
| 32:48 | Build | Farm |
| 32:51 | Build | Farm |
| 32:53 | Build | Farm |
| 32:56 | Build | Farm |
| 32:58 | Build | Farm |
| 32:59 | Build | Farm |
| 33:07 | Create | Villager (Male) |
| 33:07 | Create | Villager (Male) |
| 33:07 | Create | Villager (Male) |
| 33:09 | Create | Villager (Male) |
| 33:09 | Create | Villager (Male) |
| 33:10 | Create | Villager (Male) |
| 33:21 | Build | Farm |
| 33:22 | Build | Farm |
| 33:23 | Build | Farm |
| 33:24 | Build | Farm |
| 34:02 | Create | Villager (Male) |
| 34:02 | Create | Villager (Male) |
| 34:02 | Create | Villager (Male) |
| 34:03 | Create | Villager (Male) |
| 34:03 | Create | Villager (Male) |
| 34:03 | Create | Villager (Male) |
| 34:08 | Build | Stable |
| 34:41 | Build | Dock |
| 34:49 | Create | Villager (Male) |
| 34:49 | Create | Villager (Male) |
| 34:50 | Create | Villager (Male) |
| 34:54 | Research | Cavalier (upgrade) |
| 35:22 | Research | Conscription |
| 35:27 | Build | Stable |
| 35:33 | Create | Villager (Male) |
| 35:34 | Create | Villager (Male) |
| 35:34 | Create | Villager (Male) |
Build order — 我是你爸爸啊
123 actions detected in the replay
| 0:25 | Build | Town Center |
| 1:00 | Build | Dock |
| 1:08 | Build | House |
| 3:06 | Research | Loom |
| 3:07 | Create | Villager (Male) |
| 3:07 | Create | Villager (Male) |
| 3:07 | Create | Villager (Male) |
| 3:07 | Create | Villager (Male) |
| 4:33 | Create | Villager (Male) |
| 5:04 | Create | Fishing Ship |
| 5:42 | Create | Villager (Male) |
| 5:53 | Build | House |
| 5:59 | Build | House |
| 6:15 | Create | Villager (Male) |
| 7:01 | Create | Villager (Male) |
| 7:01 | Create | Villager (Male) |
| 7:16 | Create | Fishing Ship |
| 7:30 | Create | Villager (Male) |
| 7:31 | Create | Villager (Male) |
| 7:31 | Create | Villager (Male) |
| 7:50 | Create | Villager (Male) |
| 7:50 | Create | Villager (Male) |
| 7:54 | Create | Fishing Ship |
| 8:08 | Create | Villager (Male) |
| 8:08 | Create | Villager (Male) |
| 8:39 | Create | Fishing Ship |
| 8:42 | Create | Fishing Ship |
| 8:55 | Build | House |
| 9:00 | Create | Villager (Male) |
| 9:01 | Create | Villager (Male) |
| 9:56 | Create | Villager (Male) |
| 9:57 | Create | Villager (Male) |
| 9:57 | Create | Villager (Male) |
| 10:05 | Build | House |
| 10:32 | Build | House |
| 10:40 | Build | Lumber Camp |
| 10:59 | Create | Fishing Ship |
| 10:59 | Create | Fishing Ship |
| 11:37 | Build | Dock |
| 11:41 | Build | House |
| 11:47 | Create | Villager (Male) |
| 11:47 | Create | Villager (Male) |
| 11:47 | Create | Villager (Male) |
| 13:11 | Build | Mill |
| 13:31 | Create | Villager (Male) |
| 13:31 | Create | Villager (Male) |
| 13:50 | Build | Mining Camp |
| 13:55 | Research | Feudal Age |
| 14:52 | Build | Barracks |
| 16:10 | Age | Feudal Age |
| 16:21 | Build | Dock |
| 16:25 | Create | Villager (Male) |
| 16:26 | Create | Villager (Male) |
| 16:32 | Build | Stable |
| 16:41 | Build | Market |
| 16:53 | Create | Villager (Male) |
| 17:00 | Build | Mining Camp |
| 17:36 | Research | Castle Age |
| 18:00 | Build | House |
| 18:14 | Build | Palisade Wall |
| 18:26 | Build | Building 487 |
| 18:35 | Build | Stable |
| 18:57 | Create | Fishing Ship |
| 18:57 | Create | Fishing Ship |
| 18:58 | Create | Fishing Ship |
| 19:23 | Research | Double-Bit Axe |
| 19:30 | Research | Stone Mining |
| 20:20 | Age | Castle Age |
| 20:33 | Build | House |
| 20:41 | Create | Knight |
| 20:42 | Create | Knight |
| 20:43 | Create | Knight |
| 21:21 | Create | Villager (Male) |
| 21:22 | Create | Villager (Male) |
| 22:01 | Research | Husbandry |
| 22:12 | Create | Villager (Male) |
| 23:23 | Build | Castle |
| 23:27 | Create | Knight |
| 23:28 | Create | Knight |
| 23:35 | Build | House |
| 23:46 | Create | Villager (Male) |
| 23:46 | Create | Villager (Male) |
| 25:22 | Create | Villager (Male) |
| 25:22 | Create | Villager (Male) |
| 25:46 | Build | Castle |
| 26:02 | Create | Villager (Male) |
| 26:09 | Research | Bow Saw |
| 26:42 | Build | Stone Wall |
| 26:59 | Build | Stone Wall |
| 27:14 | Create | Villager (Male) |
| 27:14 | Create | Villager (Male) |
| 27:42 | Research | Gold Mining |
| 27:49 | Build | Town Center |
| 27:57 | Research | Wheelbarrow |
| 27:59 | Create | Villager (Male) |
| 28:08 | Build | Farm |
| 28:09 | Build | Farm |
| 28:10 | Build | Farm |
| 28:12 | Build | Farm |
| 28:13 | Build | Farm |
| 28:43 | Build | Town Center |
| 28:56 | Build | House |
| 29:06 | Build | Outpost |
| 29:19 | Build | House |
| 29:37 | Build | Stone Wall |
| 29:56 | Create | Villager (Male) |
| 29:58 | Create | Villager (Male) |
| 29:58 | Create | Villager (Male) |
| 29:58 | Create | Villager (Male) |
| 30:00 | Create | Villager (Male) |
| 30:00 | Create | Villager (Male) |
| 30:23 | Build | Outpost |
| 30:55 | Build | Farm |
| 30:56 | Build | Farm |
| 30:58 | Build | Farm |
| 31:18 | Research | Gold Shaft Mining |
| 31:27 | Create | Throwing Axeman |
| 31:27 | Create | Throwing Axeman |
| 31:28 | Create | Throwing Axeman |
| 31:53 | Create | Throwing Axeman |
| 31:53 | Create | Throwing Axeman |
| 33:28 | Create | Throwing Axeman |
| 33:28 | Create | Throwing Axeman |
Build order — [ GMEX ] Uhtred the Uhtred
First 150 of 405 actions detected
| 1:07 | Build | Town Center |
| 2:33 | Build | Dock |
| 4:01 | Research | Loom |
| 5:07 | Create | Villager (Male) |
| 5:32 | Create | Fishing Ship |
| 5:54 | Create | Villager (Male) |
| 6:21 | Create | Villager (Male) |
| 7:04 | Create | Fishing Ship |
| 7:36 | Create | Villager (Male) |
| 7:36 | Create | Villager (Male) |
| 7:37 | Create | Villager (Male) |
| 7:40 | Create | Fishing Ship |
| 8:09 | Create | Villager (Male) |
| 8:09 | Create | Villager (Male) |
| 8:29 | Create | Fishing Ship |
| 8:35 | Build | House |
| 8:59 | Create | Villager (Male) |
| 9:06 | Create | Fishing Ship |
| 9:24 | Create | Villager (Male) |
| 9:41 | Create | Villager (Male) |
| 9:45 | Create | Villager (Male) |
| 9:48 | Build | House |
| 9:55 | Create | Fishing Ship |
| 10:24 | Create | Villager (Male) |
| 10:29 | Create | Villager (Male) |
| 10:29 | Create | Villager (Male) |
| 10:45 | Create | Fishing Ship |
| 10:49 | Build | House |
| 11:12 | Build | Mining Camp |
| 11:54 | Build | Palisade Wall |
| 11:54 | Build | Palisade Wall |
| 11:55 | Build | Palisade Wall |
| 12:59 | Research | Feudal Age |
| 13:08 | Build | House |
| 13:21 | Create | Fishing Ship |
| 14:16 | Build | House |
| 14:24 | Build | House |
| 14:28 | Build | House |
| 14:33 | Build | House |
| 14:46 | Create | Villager (Male) |
| 14:47 | Create | Villager (Male) |
| 14:47 | Create | Villager (Male) |
| 14:55 | Build | House |
| 15:09 | Age | Feudal Age |
| 15:35 | Create | Villager (Male) |
| 16:23 | Build | Mill |
| 16:35 | Build | Mining Camp |
| 16:39 | Create | Villager (Male) |
| 16:44 | Build | Lumber Camp |
| 17:11 | Build | Market |
| 17:23 | Build | Blacksmith |
| 18:17 | Create | Fishing Ship |
| 19:38 | Build | Palisade Wall |
| 19:46 | Research | Castle Age |
| 19:59 | Create | Fishing Ship |
| 20:27 | Research | Double-Bit Axe |
| 20:41 | Research | Fletching |
| 22:26 | Age | Castle Age |
| 22:40 | Build | Castle |
| 23:03 | Create | Villager (Male) |
| 23:04 | Create | Villager (Male) |
| 23:04 | Create | Villager (Male) |
| 23:20 | Create | Villager (Male) |
| 23:30 | Research | Bodkin Arrow |
| 24:10 | Create | Chu Ko Nu |
| 24:10 | Create | Chu Ko Nu |
| 24:10 | Create | Chu Ko Nu |
| 24:10 | Create | Chu Ko Nu |
| 24:11 | Create | Chu Ko Nu |
| 24:50 | Create | Villager (Male) |
| 24:51 | Create | Villager (Male) |
| 24:56 | Create | Villager (Male) |
| 24:57 | Create | Villager (Male) |
| 25:20 | Create | Chu Ko Nu |
| 25:20 | Create | Chu Ko Nu |
| 25:31 | Create | Villager (Male) |
| 25:37 | Create | Petard |
| 25:38 | Create | Petard |
| 25:38 | Create | Petard |
| 26:33 | Build | Town Center |
| 26:38 | Build | Town Center |
| 27:00 | Create | Villager (Male) |
| 27:01 | Create | Villager (Male) |
| 27:01 | Create | Villager (Male) |
| 27:30 | Create | Villager (Male) |
| 28:32 | Create | Villager (Male) |
| 28:34 | Create | Villager (Male) |
| 28:34 | Create | Villager (Male) |
| 28:43 | Create | Villager (Male) |
| 29:06 | Create | Villager (Male) |
| 29:16 | Build | Farm |
| 29:17 | Build | Farm |
| 29:17 | Build | Farm |
| 29:18 | Build | Farm |
| 29:18 | Build | Farm |
| 29:20 | Build | Farm |
| 29:42 | Create | Villager (Male) |
| 29:58 | Build | Farm |
| 29:59 | Build | Farm |
| 30:02 | Create | Villager (Male) |
| 30:03 | Create | Villager (Male) |
| 30:20 | Create | Petard |
| 30:29 | Build | Farm |
| 30:39 | Build | Farm |
| 30:40 | Build | Farm |
| 30:40 | Build | Farm |
| 30:41 | Build | Farm |
| 30:41 | Build | Farm |
| 30:48 | Create | Villager (Male) |
| 30:48 | Create | Villager (Male) |
| 30:50 | Create | Villager (Male) |
| 30:50 | Create | Villager (Male) |
| 31:07 | Create | Villager (Male) |
| 31:08 | Create | Villager (Male) |
| 31:09 | Create | Villager (Male) |
| 31:51 | Build | Mill |
| 32:16 | Research | Wheelbarrow |
| 32:19 | Create | Villager (Male) |
| 32:21 | Create | Villager (Male) |
| 32:21 | Create | Villager (Male) |
| 32:31 | Create | Villager (Male) |
| 32:32 | Create | Villager (Male) |
| 32:32 | Create | Villager (Male) |
| 32:45 | Research | Horse Collar |
| 32:49 | Build | Farm |
| 32:50 | Build | Farm |
| 32:50 | Build | Farm |
| 32:50 | Build | Farm |
| 32:51 | Build | Farm |
| 32:54 | Build | Farm |
| 32:58 | Build | Farm |
| 33:09 | Create | Villager (Male) |
| 33:18 | Build | Castle |
| 33:29 | Create | Villager (Male) |
| 34:06 | Build | Farm |
| 34:13 | Create | Villager (Male) |
| 34:14 | Create | Villager (Male) |
| 34:18 | Create | Villager (Male) |
| 34:18 | Create | Villager (Male) |
| 34:20 | Build | Farm |
| 34:28 | Build | House |
| 34:29 | Build | House |
| 34:31 | Build | House |
| 34:32 | Build | House |
| 34:33 | Build | House |
| 34:33 | Build | House |
| 34:35 | Build | House |
| 34:39 | Build | Farm |
| 34:50 | Create | Villager (Male) |
| 34:51 | Build | Farm |
Build order — Alron
First 150 of 235 actions detected
| 0:34 | Build | Town Center |
| 0:44 | Build | Dock |
| 1:09 | Build | House |
| 3:11 | Create | Villager (Male) |
| 3:11 | Create | Villager (Male) |
| 3:11 | Create | Villager (Male) |
| 3:12 | Create | Villager (Male) |
| 3:12 | Create | Villager (Male) |
| 3:49 | Research | Loom |
| 3:53 | Create | Villager (Male) |
| 4:19 | Research | Loom |
| 5:02 | Create | Villager (Male) |
| 5:03 | Create | Villager (Male) |
| 5:03 | Create | Villager (Male) |
| 5:30 | Create | Villager (Male) |
| 5:35 | Build | House |
| 6:07 | Create | Villager (Male) |
| 6:37 | Create | Villager (Male) |
| 6:38 | Create | Villager (Male) |
| 7:05 | Create | Villager (Male) |
| 7:11 | Build | House |
| 7:22 | Create | Villager (Male) |
| 7:56 | Create | Villager (Male) |
| 7:57 | Create | Villager (Male) |
| 8:34 | Create | Fishing Ship |
| 8:34 | Create | Fishing Ship |
| 8:48 | Build | House |
| 9:03 | Create | Villager (Male) |
| 9:28 | Create | Fishing Ship |
| 9:47 | Create | Villager (Male) |
| 9:55 | Build | Mining Camp |
| 10:10 | Create | Villager (Male) |
| 11:11 | Research | Feudal Age |
| 11:47 | Build | Barracks |
| 11:52 | Build | House |
| 12:00 | Create | Fishing Ship |
| 12:00 | Create | Fishing Ship |
| 13:07 | Create | Villager (Male) |
| 13:07 | Create | Villager (Male) |
| 13:14 | Build | House |
| 13:15 | Age | Feudal Age |
| 13:23 | Build | Watch Tower |
| 13:26 | Create | Villager (Male) |
| 13:26 | Create | Villager (Male) |
| 13:39 | Build | House |
| 13:47 | Create | Villager (Male) |
| 14:45 | Build | House |
| 14:53 | Build | Watch Tower |
| 15:07 | Build | Palisade Wall |
| 15:35 | Create | Villager (Male) |
| 15:36 | Create | Villager (Male) |
| 15:36 | Create | Villager (Male) |
| 16:38 | Build | Archery Range |
| 16:45 | Create | Fishing Ship |
| 16:45 | Create | Fishing Ship |
| 17:17 | Create | Skirmisher ×4 |
| 17:41 | Create | Villager (Male) |
| 17:41 | Create | Villager (Male) |
| 18:45 | Create | Villager (Male) |
| 18:45 | Create | Villager (Male) |
| 18:45 | Create | Villager (Male) |
| 19:16 | Create | Villager (Male) |
| 19:45 | Create | Villager (Male) |
| 20:00 | Build | House |
| 20:05 | Build | House |
| 20:24 | Build | Watch Tower |
| 20:50 | Create | Villager (Male) |
| 20:50 | Create | Villager (Male) |
| 21:14 | Build | Lumber Camp |
| 21:28 | Build | House |
| 21:37 | Build | Watch Tower |
| 21:51 | Create | Spearman |
| 21:52 | Create | Spearman |
| 21:52 | Create | Spearman |
| 22:46 | Build | Dock |
| 22:53 | Research | Double-Bit Axe |
| 24:39 | Create | Fishing Ship |
| 24:39 | Create | Fishing Ship |
| 24:40 | Create | Fishing Ship |
| 24:41 | Create | Fishing Ship |
| 24:46 | Create | Fishing Ship |
| 24:46 | Create | Fishing Ship |
| 25:20 | Build | Lumber Camp |
| 29:49 | Build | Town Center |
| 30:06 | Create | Militia |
| 31:14 | Create | Villager (Male) |
| 31:14 | Create | Villager (Male) |
| 31:14 | Create | Villager (Male) |
| 31:15 | Create | Villager (Male) |
| 31:15 | Create | Villager (Male) |
| 31:53 | Create | Villager (Male) |
| 31:53 | Create | Villager (Male) |
| 32:14 | Build | Mining Camp |
| 32:19 | Create | Villager (Male) |
| 32:19 | Create | Villager (Male) |
| 33:06 | Create | Villager (Male) |
| 33:19 | Create | Villager (Male) |
| 33:27 | Create | Villager (Male) |
| 34:46 | Create | Villager (Male) |
| 35:07 | Build | House |
| 35:09 | Build | House |
| 35:10 | Build | House |
| 35:11 | Build | House |
| 35:12 | Build | House |
| 35:14 | Build | House |
| 35:27 | Research | Wheelbarrow |
| 35:31 | Create | Villager (Male) |
| 35:42 | Build | Blacksmith |
| 35:48 | Build | Stable |
| 35:59 | Create | Villager (Male) |
| 36:43 | Research | Castle Age |
| 36:58 | Build | Fish Trap |
| 37:04 | Build | Fish Trap |
| 37:08 | Build | Fish Trap |
| 37:12 | Build | Fish Trap |
| 37:17 | Build | Fish Trap |
| 37:58 | Build | Mill |
| 38:35 | Create | Fishing Ship |
| 38:35 | Create | Fishing Ship |
| 38:49 | Create | Fishing Ship |
| 38:49 | Create | Fishing Ship |
| 38:50 | Create | Fishing Ship |
| 39:00 | Research | Horse Collar |
| 39:24 | Age | Castle Age |
| 39:25 | Create | Villager (Male) |
| 39:26 | Create | Villager (Male) |
| 39:26 | Create | Villager (Male) |
| 39:26 | Create | Villager (Male) |
| 39:26 | Create | Villager (Male) |
| 39:28 | Create | Villager (Male) |
| 39:34 | Build | Fish Trap |
| 39:50 | Build | Town Center |
| 40:07 | Research | Bow Saw |
| 40:11 | Create | Villager (Male) |
| 40:38 | Build | Fish Trap |
| 40:46 | Create | Villager (Male) |
| 41:07 | Create | Camel Scout ×5 |
| 41:21 | Research | Scale Barding Armor |
| 41:33 | Create | Villager (Male) |
| 41:33 | Create | Villager (Male) |
| 41:45 | Create | Villager (Male) |
| 41:45 | Create | Villager (Male) |
| 41:45 | Create | Villager (Male) |
| 41:45 | Create | Villager (Male) |
| 41:47 | Create | Villager (Male) |
| 41:51 | Research | Forging |
| 42:15 | Build | Dock |
| 42:24 | Build | Lumber Camp |
| 42:54 | Research | Chain Barding Armor |
| 44:53 | Create | Villager (Male) ×5 |
Build order — Hodorigo
First 150 of 210 actions detected
| 0:18 | Build | House |
| 0:51 | Build | Town Center |
| 3:14 | Create | Villager (Male) ×4 |
| 4:27 | Create | Villager (Male) |
| 5:01 | Create | Villager (Male) |
| 5:01 | Create | Villager (Male) |
| 5:26 | Create | Villager (Male) |
| 5:26 | Create | Villager (Male) |
| 5:58 | Build | Lumber Camp |
| 6:08 | Create | Villager (Male) |
| 6:09 | Create | Villager (Male) ×3 |
| 6:09 | Create | Villager (Male) ×2 |
| 6:17 | Build | House |
| 6:22 | Research | Loom |
| 6:22 | Create | Villager (Male) ×3 |
| 6:23 | Create | Villager (Male) ×3 |
| 7:34 | Build | House |
| 7:58 | Create | Villager (Male) ×5 |
| 8:28 | Build | Mill |
| 9:31 | Build | Dock |
| 9:37 | Create | Villager (Male) |
| 9:38 | Create | Villager (Male) |
| 9:56 | Build | Mill |
| 10:24 | Create | Fishing Ship |
| 10:46 | Build | House |
| 11:35 | Create | Villager (Male) |
| 11:45 | Build | Farm |
| 11:52 | Create | Fishing Ship |
| 12:15 | Build | Farm |
| 12:27 | Research | Feudal Age |
| 12:46 | Create | Villager (Male) |
| 12:57 | Build | House |
| 13:35 | Create | Villager (Male) |
| 13:35 | Create | Villager (Male) |
| 13:35 | Create | Villager (Male) |
| 13:54 | Build | Barracks |
| 14:37 | Age | Feudal Age |
| 14:48 | Research | Double-Bit Axe |
| 15:22 | Research | Horse Collar |
| 15:38 | Build | Farm |
| 15:38 | Build | Farm |
| 15:39 | Build | Farm |
| 16:14 | Build | House |
| 16:32 | Create | Villager (Male) ×5 |
| 16:49 | Build | Watch Tower |
| 17:09 | Build | Blacksmith |
| 17:13 | Build | House |
| 17:28 | Build | House |
| 17:43 | Build | Market |
| 18:15 | Create | Villager (Male) ×5 |
| 18:40 | Build | Mining Camp |
| 18:46 | Build | Farm |
| 19:02 | Build | Building 796 |
| 19:23 | Build | Mining Camp |
| 19:39 | Research | Gold Mining |
| 19:55 | Build | Outpost |
| 20:11 | Build | Palisade Wall |
| 20:14 | Research | Castle Age |
| 20:43 | Build | Barracks |
| 20:47 | Research | Scale Mail Armor |
| 20:48 | Research | Forging |
| 21:03 | Build | Farm |
| 21:04 | Build | Farm |
| 21:04 | Build | Farm |
| 21:04 | Build | Farm |
| 21:04 | Build | Farm |
| 21:29 | Build | Farm |
| 21:42 | Build | Farm |
| 22:14 | Research | Forging |
| 22:20 | Create | Villager (Male) ×2 |
| 22:40 | Build | Palisade Wall |
| 22:57 | Age | Castle Age |
| 22:59 | Research | Bow Saw |
| 23:29 | Build | House |
| 23:32 | Build | House |
| 23:46 | Create | Villager (Male) ×5 |
| 24:03 | Build | House |
| 24:04 | Build | House |
| 24:06 | Build | House |
| 24:07 | Build | House |
| 24:17 | Research | Squires |
| 24:18 | Create | Fire Lancer ×4 |
| 24:18 | Create | Fire Lancer ×4 |
| 24:48 | Research | Gambesons |
| 24:49 | Create | Fire Lancer ×2 |
| 24:49 | Create | Fire Lancer ×2 |
| 24:59 | Research | Arson |
| 25:01 | Create | Fire Lancer |
| 25:01 | Create | Fire Lancer |
| 26:09 | Build | Lumber Camp |
| 26:28 | Research | Chain Mail Armor |
| 26:31 | Create | Villager (Male) |
| 26:31 | Create | Villager (Male) |
| 27:26 | Create | Fire Lancer ×5 |
| 27:26 | Create | Fire Lancer ×5 |
| 27:26 | Create | Fire Lancer ×5 |
| 27:26 | Create | Fire Lancer ×3 |
| 27:27 | Create | Fire Lancer |
| 28:02 | Research | Wheelbarrow |
| 28:03 | Create | Villager (Male) ×5 |
| 28:03 | Create | Villager (Male) ×3 |
| 28:03 | Create | Villager (Male) ×3 |
| 28:25 | Create | Fire Lancer ×3 |
| 28:25 | Create | Fire Lancer ×3 |
| 29:16 | Create | Fire Lancer ×4 |
| 29:16 | Create | Fire Lancer ×4 |
| 29:16 | Create | Fire Lancer ×4 |
| 29:46 | Build | Siege Workshop |
| 29:49 | Create | Fire Lancer ×5 |
| 29:49 | Create | Fire Lancer ×5 |
| 30:12 | Build | Castle |
| 30:16 | Create | Iron Pagoda |
| 30:17 | Create | Battering Ram |
| 30:32 | Create | Villager (Male) ×5 |
| 30:56 | Research | Fletching |
| 31:27 | Build | House |
| 31:27 | Build | House |
| 31:28 | Build | House |
| 31:31 | Build | Mining Camp |
| 31:43 | Create | Fire Lancer ×5 |
| 31:43 | Create | Fire Lancer ×5 |
| 31:43 | Create | Fire Lancer ×5 |
| 32:10 | Create | Iron Pagoda |
| 32:10 | Create | Iron Pagoda |
| 33:01 | Create | Fire Lancer ×5 |
| 33:01 | Create | Fire Lancer ×5 |
| 33:01 | Create | Fire Lancer ×5 |
| 33:02 | Create | Fire Lancer ×3 |
| 33:25 | Create | Fire Lancer ×5 |
| 33:26 | Create | Fire Lancer ×5 |
| 33:45 | Create | Villager (Male) ×3 |
| 33:45 | Create | Villager (Male) |
| 34:44 | Build | Lumber Camp |
| 34:54 | Build | Lumber Camp |
| 35:13 | Build | Lumber Camp |
| 35:49 | Build | Siege Workshop |
| 36:15 | Build | Mining Camp |
| 36:41 | Create | Fire Lancer ×5 |
| 36:41 | Create | Fire Lancer ×5 |
| 37:10 | Create | Battering Ram |
| 37:10 | Create | Battering Ram |
| 38:07 | Build | Barracks |
| 38:10 | Create | Fire Lancer ×5 |
| 38:10 | Create | Fire Lancer ×5 |
| 38:11 | Create | Fire Lancer ×2 |
| 38:23 | Create | Fire Lancer ×2 |
| 38:24 | Create | Fire Lancer ×2 |
| 38:50 | Create | Battering Ram |
| 39:10 | Create | Fire Lancer ×5 |
| 39:10 | Create | Fire Lancer ×5 |
Build order — Ricardo
First 150 of 530 actions detected
| 0:13 | Build | Town Center |
| 2:50 | Build | House |
| 2:51 | Build | House |
| 3:08 | Create | Villager (Male) |
| 3:09 | Create | Villager (Male) |
| 3:09 | Create | Villager (Male) |
| 3:09 | Create | Villager (Male) |
| 3:09 | Create | Villager (Male) |
| 4:21 | Create | Villager (Male) |
| 4:38 | Build | Dock |
| 4:51 | Create | Villager (Male) |
| 4:51 | Create | Villager (Male) |
| 4:51 | Create | Villager (Male) |
| 5:38 | Create | Villager (Male) |
| 5:39 | Create | Villager (Male) |
| 5:58 | Create | Villager (Male) |
| 5:59 | Create | Villager (Male) |
| 5:59 | Create | Villager (Male) |
| 5:59 | Create | Villager (Male) |
| 5:59 | Create | Villager (Male) |
| 6:16 | Create | Villager (Male) |
| 6:16 | Create | Villager (Male) |
| 6:17 | Create | Villager (Male) |
| 6:17 | Create | Villager (Male) |
| 6:17 | Create | Villager (Male) |
| 6:37 | Research | Loom |
| 6:40 | Create | Villager (Male) |
| 6:40 | Create | Villager (Male) |
| 6:40 | Create | Villager (Male) |
| 6:40 | Create | Villager (Male) |
| 6:44 | Create | Fishing Ship |
| 6:44 | Create | Fishing Ship |
| 6:44 | Create | Fishing Ship |
| 6:48 | Build | House |
| 7:17 | Build | House |
| 7:30 | Create | Villager (Male) |
| 7:30 | Create | Villager (Male) |
| 7:30 | Create | Villager (Male) |
| 7:31 | Create | Villager (Male) |
| 7:44 | Create | Villager (Male) |
| 7:44 | Create | Villager (Male) |
| 8:04 | Create | Fishing Ship |
| 8:04 | Create | Fishing Ship |
| 8:22 | Create | Villager (Male) |
| 8:22 | Create | Villager (Male) |
| 8:22 | Create | Villager (Male) |
| 8:22 | Create | Villager (Male) |
| 8:22 | Create | Villager (Male) |
| 8:41 | Build | Mill |
| 8:46 | Create | Villager (Male) |
| 8:46 | Create | Villager (Male) |
| 8:56 | Create | Fishing Ship |
| 8:56 | Create | Fishing Ship |
| 9:03 | Create | Fishing Ship |
| 9:03 | Create | Fishing Ship |
| 9:03 | Create | Fishing Ship |
| 9:28 | Create | Fishing Ship |
| 9:41 | Build | House |
| 9:48 | Create | Villager (Male) |
| 9:49 | Create | Villager (Male) |
| 9:49 | Create | Villager (Male) |
| 9:49 | Create | Villager (Male) |
| 10:10 | Create | Villager (Male) |
| 10:11 | Create | Villager (Male) |
| 10:11 | Create | Villager (Male) |
| 10:11 | Create | Villager (Male) |
| 10:18 | Build | House |
| 10:40 | Create | Fishing Ship |
| 11:28 | Build | Dock |
| 11:41 | Build | Dock |
| 11:47 | Create | Villager (Male) |
| 11:55 | Create | Fishing Ship |
| 12:13 | Research | Feudal Age |
| 12:14 | Research | Feudal Age |
| 12:27 | Build | Mining Camp |
| 12:35 | Build | Mining Camp |
| 12:37 | Create | Villager (Male) |
| 12:37 | Create | Villager (Male) |
| 12:52 | Build | Barracks |
| 12:56 | Create | Villager (Male) |
| 12:57 | Create | Villager (Male) |
| 12:57 | Create | Villager (Male) |
| 13:03 | Create | Fishing Ship |
| 13:26 | Create | Fishing Ship |
| 13:26 | Create | Fishing Ship |
| 13:31 | Create | Villager (Male) |
| 13:31 | Create | Villager (Male) |
| 13:32 | Create | Villager (Male) |
| 14:23 | Age | Feudal Age |
| 14:24 | Build | House |
| 14:25 | Build | House |
| 14:31 | Build | Market |
| 14:50 | Build | Stone Wall |
| 15:08 | Research | Man-at-Arms (upgrade) |
| 15:16 | Build | Barracks |
| 15:41 | Create | Fishing Ship |
| 15:57 | Build | Lumber Camp |
| 16:01 | Create | Militia |
| 16:05 | Create | Militia |
| 16:05 | Create | Militia |
| 16:05 | Create | Militia |
| 16:09 | Create | Militia |
| 16:10 | Create | Militia |
| 16:10 | Create | Militia |
| 16:11 | Create | Militia |
| 16:11 | Create | Militia |
| 16:33 | Build | Palisade Wall |
| 16:47 | Create | Militia |
| 16:47 | Create | Militia |
| 17:08 | Create | Villager (Male) |
| 17:09 | Create | Villager (Male) |
| 17:09 | Create | Villager (Male) |
| 17:14 | Build | Blacksmith |
| 17:20 | Build | House |
| 17:21 | Build | House |
| 17:32 | Create | Militia |
| 17:38 | Research | Arson |
| 17:40 | Create | Militia |
| 17:40 | Create | Militia |
| 17:40 | Create | Militia |
| 17:57 | Build | Building 804 |
| 18:09 | Create | Transport Ship |
| 18:16 | Create | Fishing Ship |
| 18:16 | Create | Fishing Ship |
| 18:36 | Create | Villager (Male) |
| 18:42 | Build | Farm |
| 18:43 | Build | Farm |
| 18:43 | Build | Farm |
| 18:43 | Build | Farm |
| 18:43 | Build | Farm |
| 18:46 | Research | Double-Bit Axe |
| 18:47 | Research | Double-Bit Axe |
| 19:18 | Research | Forging |
| 19:29 | Build | Farm |
| 19:31 | Build | Farm |
| 19:33 | Create | Villager (Male) |
| 19:33 | Create | Villager (Male) |
| 19:51 | Build | House |
| 19:51 | Build | House |
| 19:52 | Build | House |
| 19:52 | Build | House |
| 19:52 | Build | House |
| 20:21 | Create | Villager (Male) |
| 20:22 | Create | Villager (Male) |
| 20:22 | Create | Villager (Male) |
| 20:29 | Build | Archery Range |
| 20:50 | Create | Spearman |
| 20:51 | Create | Spearman |
| 21:05 | Create | Spearman |
| 21:05 | Create | Spearman |
Build order — 驱虫型玩家
First 150 of 558 actions detected
| 0:34 | Build | Town Center |
| 0:54 | Build | Dock |
| 1:52 | Build | House |
| 3:04 | Create | Villager (Male) |
| 3:05 | Create | Villager (Male) |
| 3:05 | Create | Villager (Male) |
| 3:05 | Create | Villager (Male) |
| 4:08 | Create | Villager (Male) |
| 4:08 | Create | Villager (Male) |
| 4:45 | Create | Villager (Male) |
| 4:46 | Create | Villager (Male) |
| 4:51 | Create | Fishing Ship |
| 4:52 | Create | Fishing Ship |
| 5:18 | Build | House |
| 5:41 | Research | Loom |
| 5:51 | Create | Fishing Ship |
| 5:57 | Create | Villager (Male) |
| 5:57 | Create | Villager (Male) |
| 6:37 | Create | Villager (Male) |
| 6:38 | Create | Villager (Male) |
| 6:47 | Create | Fishing Ship |
| 6:47 | Create | Fishing Ship |
| 6:56 | Create | Villager (Male) |
| 6:56 | Create | Villager (Male) |
| 7:20 | Create | Villager (Male) |
| 7:21 | Create | Villager (Male) |
| 7:24 | Create | Villager (Male) |
| 7:24 | Create | Villager (Male) |
| 7:26 | Build | House |
| 7:37 | Build | House |
| 7:49 | Build | House |
| 8:22 | Create | Villager (Male) |
| 8:22 | Create | Villager (Male) |
| 8:38 | Create | Villager (Male) |
| 8:38 | Create | Villager (Male) |
| 8:45 | Create | Fishing Ship |
| 9:38 | Create | Villager (Male) |
| 9:43 | Build | Lumber Camp |
| 9:48 | Build | House |
| 10:25 | Create | Villager (Male) |
| 10:25 | Create | Villager (Male) |
| 10:33 | Create | Villager (Male) |
| 10:47 | Create | Villager (Male) |
| 10:55 | Create | Fishing Ship |
| 11:51 | Create | Villager (Male) |
| 12:17 | Build | Dock |
| 12:20 | Create | Villager (Male) |
| 12:22 | Build | House |
| 12:34 | Research | Feudal Age |
| 12:39 | Create | Fishing Ship |
| 12:39 | Create | Fishing Ship |
| 13:31 | Build | Mining Camp |
| 13:54 | Create | Fishing Ship |
| 13:54 | Create | Fishing Ship |
| 14:39 | Create | Fishing Ship |
| 15:07 | Age | Feudal Age |
| 15:14 | Create | Villager (Male) |
| 15:16 | Create | Villager (Male) |
| 15:17 | Create | Villager (Male) |
| 15:19 | Research | Double-Bit Axe |
| 15:31 | Build | Mill |
| 15:48 | Create | Fire Galley |
| 15:51 | Create | Fire Galley |
| 15:57 | Build | House |
| 15:59 | Build | House |
| 16:15 | Create | Villager (Male) |
| 16:15 | Create | Villager (Male) |
| 16:37 | Create | Villager (Male) |
| 17:11 | Build | Blacksmith |
| 17:16 | Create | Villager (Male) |
| 17:30 | Research | Stone Mining |
| 17:32 | Research | Gold Mining |
| 17:50 | Create | Villager (Male) |
| 17:50 | Create | Villager (Male) |
| 18:03 | Create | Fire Galley |
| 18:08 | Create | Fire Galley |
| 18:28 | Build | Market |
| 18:56 | Research | Horse Collar |
| 19:07 | Create | Villager (Male) |
| 19:22 | Research | Castle Age |
| 19:22 | Research | Castle Age |
| 21:03 | Research | Fletching |
| 21:04 | Research | Padded Archer Armor |
| 21:10 | Build | Barracks |
| 21:17 | Build | House |
| 22:02 | Age | Castle Age |
| 22:22 | Build | Castle |
| 22:28 | Create | Villager (Male) |
| 22:28 | Create | Villager (Male) |
| 22:29 | Create | Villager (Male) |
| 22:38 | Build | Town Center |
| 22:50 | Build | Town Center |
| 23:24 | Research | Bow Saw |
| 23:48 | Create | Villager (Male) |
| 23:49 | Create | Villager (Male) |
| 23:49 | Create | Villager (Male) |
| 24:01 | Build | Town Center |
| 24:12 | Create | Genoese Crossbowman |
| 24:12 | Create | Genoese Crossbowman |
| 24:12 | Create | Genoese Crossbowman |
| 24:13 | Create | Genoese Crossbowman |
| 24:13 | Create | Genoese Crossbowman |
| 24:13 | Create | Genoese Crossbowman |
| 24:33 | Create | Villager (Male) |
| 24:34 | Create | Villager (Male) |
| 24:34 | Create | Villager (Male) |
| 24:34 | Create | Villager (Male) |
| 24:55 | Research | Wheelbarrow |
| 24:56 | Research | Heavy Plow |
| 24:57 | Research | Heavy Plow |
| 25:06 | Create | Villager (Male) |
| 25:06 | Create | Villager (Male) |
| 25:06 | Create | Villager (Male) |
| 25:06 | Create | Villager (Male) |
| 25:18 | Create | Villager (Male) |
| 25:20 | Create | Villager (Male) |
| 25:21 | Create | Villager (Male) |
| 25:21 | Create | Villager (Male) |
| 25:21 | Create | Villager (Male) |
| 25:22 | Create | Villager (Male) |
| 25:22 | Create | Villager (Male) |
| 25:22 | Create | Villager (Male) |
| 25:42 | Build | Farm |
| 25:43 | Build | Farm |
| 25:44 | Build | Farm |
| 25:45 | Build | Farm |
| 25:50 | Build | Lumber Camp |
| 25:59 | Create | Villager (Male) |
| 25:59 | Create | Villager (Male) |
| 26:00 | Create | Villager (Male) |
| 26:28 | Create | Genoese Crossbowman |
| 26:29 | Create | Genoese Crossbowman |
| 26:38 | Build | Farm |
| 26:38 | Build | Farm |
| 26:39 | Build | Farm |
| 26:40 | Build | Farm |
| 26:41 | Build | Farm |
| 26:45 | Create | Villager (Male) |
| 26:46 | Create | Villager (Male) |
| 26:52 | Build | Farm |
| 26:53 | Build | Farm |
| 26:54 | Build | Farm |
| 26:58 | Create | Villager (Male) |
| 27:11 | Create | Genoese Crossbowman |
| 27:11 | Create | Genoese Crossbowman |
| 28:13 | Create | Genoese Crossbowman |
| 28:14 | Create | Genoese Crossbowman |
| 28:15 | Create | Villager (Male) |
| 28:15 | Create | Villager (Male) |
| 28:15 | Create | Villager (Male) |
Build order — Combi | Cuauhpilli
First 150 of 275 actions detected
| 0:05 | Build | Town Center |
| 1:04 | Build | Dock |
| 1:06 | Build | House |
| 2:38 | Create | Villager (Male) |
| 2:39 | Create | Villager (Male) |
| 2:41 | Create | Villager (Male) |
| 2:42 | Create | Villager (Male) |
| 2:42 | Create | Villager (Male) |
| 2:42 | Create | Villager (Male) |
| 2:42 | Create | Villager (Male) |
| 2:42 | Create | Villager (Male) |
| 3:30 | Create | Fishing Ship |
| 3:35 | Research | Loom |
| 4:27 | Create | Villager (Male) |
| 4:28 | Create | Villager (Male) |
| 4:41 | Create | Fishing Ship |
| 5:28 | Create | Villager (Male) |
| 5:28 | Create | Villager (Male) |
| 5:42 | Build | House |
| 5:50 | Build | House |
| 6:20 | Create | Fishing Ship |
| 6:43 | Create | Villager (Male) |
| 6:44 | Create | Villager (Male) |
| 6:44 | Create | Villager (Male) |
| 6:44 | Create | Villager (Male) |
| 7:28 | Create | Villager (Male) |
| 7:28 | Create | Villager (Male) |
| 7:36 | Build | House |
| 7:58 | Create | Villager (Male) |
| 7:58 | Create | Villager (Male) |
| 7:58 | Create | Villager (Male) |
| 7:59 | Create | Villager (Male) |
| 7:59 | Create | Villager (Male) |
| 8:35 | Create | Fishing Ship |
| 9:23 | Build | House |
| 9:24 | Build | House |
| 9:26 | Build | House |
| 9:31 | Build | House |
| 9:33 | Create | Villager (Male) |
| 9:33 | Create | Villager (Male) |
| 9:33 | Create | Villager (Male) |
| 10:23 | Create | Fishing Ship |
| 10:34 | Build | House |
| 11:16 | Create | Villager (Male) |
| 11:16 | Create | Villager (Male) |
| 11:39 | Build | Outpost |
| 11:57 | Build | Mining Camp |
| 12:01 | Create | Villager (Male) |
| 12:15 | Create | Transport Ship |
| 12:27 | Research | Feudal Age |
| 13:22 | Build | Mill |
| 13:25 | Create | Villager (Male) |
| 13:26 | Create | Villager (Male) |
| 14:01 | Build | Barracks |
| 14:22 | Create | Fishing Ship |
| 14:41 | Age | Feudal Age |
| 14:47 | Build | Archery Range |
| 14:52 | Build | Blacksmith |
| 14:57 | Create | Villager (Male) |
| 14:57 | Create | Villager (Male) |
| 15:46 | Build | Lumber Camp |
| 15:49 | Create | Archer |
| 15:49 | Create | Archer |
| 15:49 | Create | Archer |
| 15:51 | Create | Archer |
| 15:54 | Research | Fletching |
| 16:42 | Create | Villager (Male) |
| 16:43 | Create | Villager (Male) |
| 16:43 | Create | Villager (Male) |
| 17:11 | Build | House |
| 17:16 | Build | House |
| 17:16 | Build | House |
| 17:18 | Build | House |
| 17:37 | Research | Castle Age |
| 17:54 | Research | Double-Bit Axe |
| 17:54 | Research | Double-Bit Axe |
| 18:06 | Create | Galley |
| 18:06 | Create | Galley |
| 18:18 | Create | Fire Galley |
| 18:18 | Create | Fire Galley |
| 18:21 | Create | Villager (Male) |
| 18:21 | Create | Villager (Male) |
| 18:22 | Create | Villager (Male) |
| 18:35 | Create | Archer |
| 19:08 | Build | Stable |
| 19:53 | Create | Fire Galley |
| 19:58 | Create | Villager (Male) |
| 19:58 | Create | Villager (Male) |
| 20:03 | Create | Scout Cavalry |
| 20:04 | Create | Scout Cavalry |
| 20:28 | Build | Lumber Camp |
| 20:29 | Age | Castle Age |
| 20:34 | Create | Knight |
| 20:35 | Create | Knight |
| 20:39 | Research | Forging |
| 20:39 | Research | Forging |
| 20:51 | Build | Town Center |
| 21:03 | Create | Knight |
| 21:22 | Create | Fire Galley |
| 21:45 | Build | Siege Workshop |
| 21:55 | Research | Iron Casting |
| 21:55 | Research | Iron Casting |
| 22:21 | Create | Villager (Male) |
| 22:22 | Create | Villager (Male) |
| 23:02 | Create | Villager (Male) |
| 23:02 | Create | Villager (Male) |
| 23:02 | Create | Villager (Male) |
| 23:08 | Create | Villager (Male) ×2 |
| 23:12 | Build | Lumber Camp |
| 23:26 | Create | Battering Ram |
| 24:52 | Create | Villager (Male) |
| 24:58 | Build | Farm |
| 24:59 | Build | Farm |
| 25:00 | Build | Farm |
| 25:55 | Create | Knight |
| 26:01 | Create | Villager (Male) |
| 26:56 | Create | Villager (Male) |
| 27:00 | Build | House |
| 27:02 | Build | House |
| 27:02 | Build | House |
| 27:05 | Build | House |
| 27:06 | Build | House |
| 27:07 | Build | House |
| 27:12 | Create | Villager (Male) ×2 |
| 27:12 | Create | Villager (Male) ×2 |
| 27:24 | Build | Town Center |
| 27:30 | Build | Farm |
| 27:31 | Build | Farm |
| 27:41 | Build | Farm |
| 27:42 | Build | Farm |
| 27:43 | Build | Farm |
| 27:44 | Build | Farm |
| 27:44 | Build | Farm |
| 27:45 | Build | Farm |
| 27:47 | Build | Farm |
| 27:53 | Build | Farm |
| 28:05 | Build | Farm |
| 28:06 | Build | Farm |
| 28:52 | Create | Villager (Male) ×5 |
| 29:00 | Build | Market |
| 29:10 | Create | Villager (Male) ×2 |
| 29:14 | Build | Farm |
| 29:17 | Build | Farm |
| 29:51 | Research | Husbandry |
| 29:55 | Create | Villager (Male) ×3 |
| 29:55 | Create | Villager (Male) ×3 |
| 30:00 | Build | Town Center |
| 30:08 | Build | Farm |
| 30:11 | Create | Villager (Male) |
| 30:14 | Create | Villager (Male) |
Match timeline
| 0:44 | Alron · first_building Dock |
| 0:54 | 驱虫型玩家 · first_building Dock |
| 1:00 | 我是你爸爸啊 · first_building Dock |
| 1:04 | Combi | Cuauhpilli · first_building Dock |
| 2:33 | [ GMEX ] Uhtred the Uhtred · first_building Dock |
| 4:38 | Ricardo · first_building Dock |
| 4:39 | 小木子 · first_building Dock |
| 9:31 | Hodorigo · first_building Dock |
| 11:47 | Alron · first_building Barracks |
| 11:54 | [ GMEX ] Uhtred the Uhtred · wall_segment Palisade Wall x1 |
| 11:54 | [ GMEX ] Uhtred the Uhtred · wall_segment Palisade Wall x1 |
| 11:55 | [ GMEX ] Uhtred the Uhtred · wall_segment Palisade Wall x1 |
| 12:52 | Ricardo · first_building Barracks |
| 13:15 | Alron · age_up feudal |
| 13:54 | Hodorigo · first_building Barracks |
| 14:01 | Combi | Cuauhpilli · first_building Barracks |
| 14:23 | Ricardo · age_up feudal |
| 14:37 | Hodorigo · age_up feudal |
| 14:41 | Combi | Cuauhpilli · age_up feudal |
| 14:47 | Combi | Cuauhpilli · first_building Archery Range |
| 14:50 | Ricardo · wall_segment Stone Wall x10 |
| 14:52 | 我是你爸爸啊 · first_building Barracks |
| 15:07 | Alron · wall_segment Palisade Wall x1 |
| 15:07 | 驱虫型玩家 · age_up feudal |
| 15:09 | [ GMEX ] Uhtred the Uhtred · age_up feudal |
| 16:10 | 我是你爸爸啊 · age_up feudal |
| 16:22 | 小木子 · age_up feudal |
| 16:32 | 我是你爸爸啊 · first_building Stable |
| 16:33 | Ricardo · wall_segment Palisade Wall x14 |
| 16:38 | Alron · first_building Archery Range |
| 18:11 | [ GMEX ] Uhtred the Uhtred · first_market_sell 100 wood |
| 18:14 | 我是你爸爸啊 · wall_segment Palisade Wall x11 |
| 18:27 | [ GMEX ] Uhtred the Uhtred · first_market_buy 100 food |
| 19:08 | Combi | Cuauhpilli · first_building Stable |
| 19:38 | [ GMEX ] Uhtred the Uhtred · wall_segment Palisade Wall x1 |
| 20:11 | Hodorigo · wall_segment Palisade Wall x9 |
| 20:20 | 我是你爸爸啊 · age_up castle |
| 20:29 | Ricardo · first_building Archery Range |
| 20:29 | Combi | Cuauhpilli · age_up castle |
| 20:31 | 小木子 · first_market_sell 100 food |
| 21:10 | 驱虫型玩家 · first_building Barracks |
| 21:45 | Combi | Cuauhpilli · first_building Siege Workshop |
| 22:02 | 驱虫型玩家 · age_up castle |
| 22:22 | 驱虫型玩家 · first_building Castle |
| 22:26 | [ GMEX ] Uhtred the Uhtred · age_up castle |
| 22:40 | [ GMEX ] Uhtred the Uhtred · first_building Castle |
| 22:40 | Hodorigo · wall_segment Palisade Wall x10 |
| 22:49 | 小木子 · first_building Barracks |
| 22:56 | Ricardo · first_market_buy 100 food |
| 22:57 | Hodorigo · age_up castle |
| 23:07 | Hodorigo · first_market_buy 100 food |
| 23:16 | 小木子 · age_up castle |
| 23:23 | 我是你爸爸啊 · first_building Castle |
| 23:59 | 小木子 · first_building Stable |
| 24:54 | Ricardo · wall_segment Stone Wall x11 |
| 25:42 | Ricardo · age_up castle |
| 25:50 | Ricardo · first_building Siege Workshop |
| 26:12 | 小木子 · first_building Castle |
| 26:42 | 我是你爸爸啊 · wall_segment Stone Wall x8 |
| 26:59 | 我是你爸爸啊 · wall_segment Stone Wall x9 |
| 29:11 | 驱虫型玩家 · first_building Archery Range |
| 29:19 | Hodorigo · first_market_sell 500 food |
| 29:37 | 我是你爸爸啊 · wall_segment Stone Wall x4 |
| 29:46 | Hodorigo · first_building Siege Workshop |
| 30:12 | Hodorigo · first_building Castle |
| 32:43 | 小木子 · age_up imperial |
| 33:34 | 驱虫型玩家 · first_building Siege Workshop |
| 33:42 | 我是你爸爸啊 · resign |
| 34:24 | Combi | Cuauhpilli · first_market_buy 500 stone |
| 34:31 | Combi | Cuauhpilli · first_building Castle |
| 34:35 | 驱虫型玩家 · age_up imperial |
| 35:03 | 驱虫型玩家 · first_market_sell 100 food |
| 35:48 | Alron · first_building Stable |
| 36:53 | [ GMEX ] Uhtred the Uhtred · first_building Barracks |
| 37:10 | Combi | Cuauhpilli · first_market_sell 500 food |
| 37:35 | [ GMEX ] Uhtred the Uhtred · first_building Archery Range |
| 38:12 | [ GMEX ] Uhtred the Uhtred · age_up imperial |
| 38:12 | [ GMEX ] Uhtred the Uhtred · tribute_sent a jugador 1 |
| 38:12 | [ GMEX ] Uhtred the Uhtred · tribute_sent a jugador 3 |
| 38:12 | [ GMEX ] Uhtred the Uhtred · tribute_sent a jugador 4 |
| 38:12 | [ GMEX ] Uhtred the Uhtred · tribute_sent a jugador 5 |
| 38:12 | [ GMEX ] Uhtred the Uhtred · tribute_sent a jugador 6 |
| 38:12 | [ GMEX ] Uhtred the Uhtred · tribute_sent a jugador 7 |
| 38:12 | [ GMEX ] Uhtred the Uhtred · tribute_sent a jugador 8 |
| 39:24 | Alron · age_up castle |
| 41:48 | Hodorigo · wall_segment Stone Wall x4 |
| 44:09 | Ricardo · first_building Castle |
| 45:44 | Combi | Cuauhpilli · age_up imperial |
| 49:24 | Ricardo · age_up imperial |
| 50:48 | Alron · first_building Castle |
[ AI ANALYSIS · 1 CREDIT ]
What really happened in this match?
Wolo.gg analyzes every decision: build order, eco, micro, common mistakes by bracket. Personalized analysis on WhatsApp or Discord in 30 seconds.
Civ guide
Huns
Map guide
Nomad
Perfil
小木子